 Dungeon Crawl Stone Soup version 0.31.0-12-g77e489cdc1 (webtiles) character file.

Game seed: 7239108055596742760

87756 Gabide the Impaler (level 15, -9/124 HPs)
             Began as a Demigod Fighter on Mar 3, 2024.
             Killed from afar by an ironbound thunderhulk (64 damage)
             ... with a bolt of lightning
             ... on level 14 of the Dungeon on Mar 4, 2024.
             The game lasted 00:58:19 (27835 turns).

Gabide the Impaler (Demigod Fighter)               Turns: 27835, Time: 00:58:20

Health: -9/124     AC: 21    Str: 43    XL:     15   Next: 5%
Magic:  28/29      EV: 12    Int: 14    God:
Gold:   1587       SH:  0    Dex:  9    Spells: 23/27 levels left

rFire   . . .        a - +2 bardiche (freeze)
rCold   + . .        (shield currently unavailable)
rNeg    . . .        J - +3 scale mail of the Known World {rPois rC+ Str+6 Dex-4}
rPois   +            u - +0 helmet
rElec   .            q - +2 cloak {Will+}
rCorr   .            A - +0 pair of gloves
SInv    .            v - +1 pair of boots
Will    +++..        t - amulet of the acrobat Stlth
                     g - +4 ring of slaying
HPRegen 0.40/turn    T - ring of Juitz {Wiz Will+ Str+4}
MPRegen 0.21/turn

%: random rage (3%), acrobat, wizardry (x1)
@: on berserk cooldown, slowed, very slow
A: high MP 1, forlorn, divine attributes, talons 1, berserk 1
a: no special abilities


You were on level 14 of the Dungeon.
You visited 3 branches of the dungeon, and saw 20 of its levels.
You also visited: Bailey.

You collected 1587 gold pieces.

Inventory:

Hand Weapons
 a - a +2 bardiche of freezing (weapon)
 b - the +0 sling "Cousaoneunk" {flame, Dex+4}
   (You found it on level 5 of the Lair of Beasts)

   Dex+4:     It affects your dexterity (+4).
 R - a +1 trident
Missiles
 z - 8 boomerangs
Armour
 q - a +2 cloak of willpower (worn)
 u - a +0 helmet (worn)
 v - a +1 pair of boots (worn)
 x - the +0 crystal plate armour of Gluttony {rPois Str-3 Int+4 Dex+2}
   (You acquired it on level 7 of the Dungeon)

   Str-3:     It affects your strength (-3).
   Int+4:     It affects your intelligence (+4).
   Dex+2:     It affects your dexterity (+2).
   rPois:     It protects you from poison
 A - a +0 pair of gloves (worn)
 J - the +3 scale mail of the Known World (worn) {rPois rC+ Str+6 Dex-4}
   (You found it on level 11 of the Dungeon)

   Str+6:     It affects your strength (+6).
   Dex-4:     It affects your dexterity (-4).
   rC+:       It protects you from cold.
   rPois:     It protects you from poison
Jewellery
 g - a +4 ring of slaying (left hand)
 m - a ring of positive energy
 t - an amulet of the acrobat (around neck)
 y - a ring of positive energy
 B - a ring of ice
 H - a +4 ring of protection
 I - a ring of willpower
 L - a +5 ring of evasion
 M - a ring of protection from fire
 Q - a +4 ring of protection
 T - the ring of Juitz (right hand) {Wiz Will+ Str+4}
   (You found it on level 5 of the Lair of Beasts)

   [ring of wizardry]

   Wiz:       It improves your spell success rate.
   Str+4:     It affects your strength (+4).
   Will+:     It increases your willpower.
 V - a ring of protection from fire
Wands
 h - a wand of flame (21)
 o - a wand of acid (5)
 p - a wand of roots (13)
 F - a wand of polymorph (6)
 K - a wand of mindburst (10)
Scrolls
 c - a scroll of amnesia
 e - 2 scrolls of blinking
 f - a scroll of torment
 k - 6 scrolls of identify
 r - 5 scrolls of teleportation
 C - 4 scrolls of fog
 G - 2 scrolls of revelation
 N - 3 scrolls of vulnerability
 P - 3 scrolls of immolation
 W - a scroll of poison
Potions
 d - 3 potions of ambrosia
 i - a potion of haste
 j - 5 potions of magic
 n - 7 potions of attraction
 s - 3 potions of heal wounds
 w - 3 potions of cancellation
 D - 3 potions of brilliance
 E - 3 potions of curing
 O - 2 potions of resistance
 S - a potion of might
 U - a potion of mutation
Miscellaneous
 l - a condenser vane


   Skills:
 - Level 9.0 Fighting
 * Level 16.5 Polearms
 - Level 12.0 Armour
 - Level 6.0 Dodging
 - Level 3.0 Shields
 + Level 6.5 Spellcasting
 + Level 6.6 Summonings
 + Level 6.6 Earth Magic


You had 23 spell levels left.
You knew the following spells:

 Your Spells              Type           Power      Damage    Failure   Level
a - Animate Armour        Summ/Erth      46%        N/A       6%          4

Your spell library contained the following spells:

 Spells                   Type           Power      Damage    Failure   Level
 Passwall                 Erth           23%        N/A       1%          3
 Stone Arrow              Conj/Erth      26%        3d8       7%          3
 Summon Ice Beast         Ice/Summ       13%        N/A       7%          3
 Shock                    Conj/Air       16%        1d4       9%          1
 Cigotuvi's Dreadful Rot  Necr/Alch/Air  8%         N/A       13%         2
 Ensorcelled Hibernation  Hex/Ice        8%         N/A       13%         2
 Lesser Beckoning         Tloc           8%         N/A       13%         2
 Leda's Liquefaction      Alch/Erth      6%         N/A       22%         4
 Martyr's Knell           Necr/Summ      13%        N/A       22%         4
 Petrify                  Alch/Erth      13%        N/A       22%         4
 Summon Blazeheart Golem  Fire/Summ      13%        N/A       22%         4
 Frozen Ramparts          Ice            8%         1d2       26%         3
 Fugue of the Fallen      Necr           4%         N/A       26%         3
 Gell's Gravitas          Tloc           4%         N/A       26%         3
 Hailstorm                Conj/Ice       4%         3d5       26%         3
 Inner Flame              Hex/Fire       4%         N/A       26%         3
 Ozocubu's Armour         Ice            4%         N/A       26%         3
 Swiftness                Air            4%         N/A       26%         3
 Teleport Other           Tloc           4%         N/A       26%         3
 Tukima's Dance           Hex            4%         N/A       26%         3
 Volatile Blastmotes      Fire/Tloc      8%         2d10      26%         3
 Summon Forest            Summ/Tloc      6%         N/A       50%         5
 Summon Mana Viper        Hex/Summ       13%        N/A       50%         5
 Airstrike                Air            2%         2d(1-17)  61%         4
 Dispel Undead            Necr           4%         3d7       61%         4
 Fulminant Prism          Conj/Alch      2%         3d5       61%         4
 Iskenderun's Mystic Bla  Conj/Tloc      4%         2d3       61%         4
 Manifold Assault         Tloc           4%         N/A       61%         4
 Passage of Golubria      Tloc           4%         N/A       61%         4
 Vhi's Electric Charge    Tloc/Air       8%         N/A       61%         4
 Summon Cactus Giant      Summ           11%        N/A       61%         6
 Arcjolt                  Conj/Air       2%         1d12      91%         5
 Irradiate                Conj/Alch      2%         3d12      91%         5
 Metabolic Englaciation   Hex/Ice        2%         N/A       91%         5
 Yara's Violent Unravell  Hex/Alch       2%         3d3       91%         5
 Death Channel            Necr           2%         N/A       100%        6
 Dispersal                Tloc           2%         N/A       100%        6
 Sculpt Simulacrum        Ice/Alch       2%         N/A       100%        6
 Orb of Destruction       Conj           2%         9d5       100%        7
 Spellforged Servitor     Conj/Summ      6%         N/A       100%        7
 Disjunction              Tloc           2%         N/A       100%        8
 Ignition                 Fire           2%         3d3       100%        8
 Lehudib's Crystal Spear  Conj/Erth      6%         10d3      100%        8
 Maxwell's Capacitive Co  Air            2%         ∞         100%        8


Dungeon Overview and Level Annotations

Branches:
Dungeon (14/15)            Temple (1/1) D:7            Lair (5/5) D:9
  Swamp (0/4) Lair:3        Snake (0/4) Lair:2        Slime (0/5) Lair:5
    Orc (0/2) D:12         Bailey (visited)
 Vaults: D:13-14

Shops:
D:12 *   D:13 *

Portals:
Trove: D:11 (give 6 scrolls of fear)

Annotations:
D:8 2 transporters, MasterdooM's ghost, novice MiBe
D:13 3 runed translucent doors, Ojacki's ghost, adept TeBe
Lair:1 2 transporters, Beaer's ghost, journeyman DgSh


Innate Abilities, Weirdness & Mutations

You have an increased reservoir of magic. (+10% MP)
You shall have no god before yourself.
Your divine heritage dramatically boosts your attributes as you level up.
You have sharp toenails.
You sometimes lose your temper in combat.


Message History

You hear a shout!
You barely miss the purple ugly thing.
The purple ugly thing is almost dead.
The purple ugly thing barely misses you.
You slice the purple ugly thing like a ripe choko!!!
You freeze the purple ugly thing.
You kill the purple ugly thing!
You barely miss the vault guard. You slice the vault guard!!
You freeze the vault guard!
The vault guard is severely wounded.
The vault guard hits you with a +4 great sword of protection!
You slice the vault guard!! You freeze the vault guard.
You kill the vault guard!
You barely miss the purple ugly thing.
The purple ugly thing is lightly wounded.
The purple ugly thing tail-slaps you but does no damage.
You closely miss the purple ugly thing.
The purple ugly thing is lightly wounded.
You slice the purple ugly thing!! You freeze the purple ugly thing.
The purple ugly thing is severely wounded.
The purple ugly thing tail-slaps you but does no damage.
You slice the purple ugly thing!! You freeze the purple ugly thing.
You kill the purple ugly thing!
You open the human like a pillowcase!!! You freeze the human!!
You kill the human!
An ironbound thunderhulk comes into view.
It is wielding a +0 dire flail.
You chop the vault guard into pieces!!! You freeze the vault guard.
The vault guard is heavily wounded.
You are no longer berserk.
You are exhausted.
You feel yourself slow down.
The vault guard hits you with a +0 great sword!!
* * * LOW HITPOINT WARNING * * *
Okay, then.
You feel much better.
The vault guard hits you with a +0 great sword!
Electricity crackles from the ironbound thunderhulk's apparatus.
The bolt of lightning hits you!!!
Ouch! That really hurt!
You die...

### ..# ### #.# ####
#.. #.####..# #.#
....##.##. #.#
#.#.##.##.## ##.##
..#.##.#...# ...
###...##...## #.#
#####...p.# #@#
#.....####p##
##''○##.....##
#...p###O....# ###
#.#.Zp†......#
##.###.##.###.....#
##...##.##.###.....####
......................'
##...##.##..........##


You could see an ironbound thunderhulk and a vault guard.

Vanquished Creatures
  Jorgrun (D:13)
  Snorg (Lair:5)
  Fannar (D:12)
  2 vault guards
  6 hydras
  A ghost crab (Lair:3)
  2 centaur warriors (D:13)
  3 catoblepae
  Erolcha (D:9)
  7 death yaks
  4 boulder beetles
  Erica (D:9)
  2 two-headed ogres (D:10)
  A skyshark (Lair:4)
  4 slime creatures (D:13)
  A spectral hydra (Lair:3)
  7 ugly things
  A cyclops (D:12)
  A wolf spider (Lair:5)
  2 manticores
  A guardian serpent (shapeshifter) (D:14)
  7 elephants
  20 black mambas
  A guardian serpent (Lair:5)
  An orange demon (Lair:3)
  Maggie (D:10)
  15 cane toads
  An unseen horror (D:12)
  A rime drake (Lair:4)
  A kobold demonologist (D:12)
  An efreet (D:13)
  5 komodo dragons
  A tengu conjurer (D:14)
  4 polar bears
  A troll (D:10)
  9 dream sheep (Lair:4)
  2 hornets (Lair:5)
  Prince Ribbit (Bailey)
  9 blink frogs
  Sigmund (D:6)
  2 shadows
  22 wyverns
  38 yaks
  6 humans
  6 basilisks
  Eustachio (D:4)
  3 redbacks (Lair:5)
  A hog (Lair:3)
  10 vampire mosquitoes
  Menkaure (D:7)
  A steam dragon (D:8)
  A naga (Lair:3)
  A spectral cane toad (Lair:3)
  36 water moccasins
  An acid dragon (D:11)
  4 orc warriors
  A spectral polar bear (Lair:3)
  4 black bears
  4 ice beasts
  A sky beast (D:7)
  An ogre (D:6)
  16 wolves
  A centaur (shapeshifter) (D:13)
  9 centaurs
  2 phantoms
  5 kobold brigands
  32 bullfrogs
  4 gnoll sergeants
  3 scorpions (D:5)
  14 wights
  A nameless horror (D:13)
  4 howler monkeys
  2 bombardier beetles (D:6)
  10 orc priests
  2 gnoll boudas
  7 hounds
  2 jellies (D:6)
  5 iguanas
  A sleepcap (D:5)
  12 orc wizards
  9 adders
  22 gnolls
  A shadow imp (D:7)
  A white imp (D:6)
  2 ufetubi (D:3)
  2 dart slugs
  2 ribbon worms
  48 orcs
  5 endoplasms
  5 giant cockroaches
  12 goblins
  13 hobgoblins
  10 jackals
  3 quokkas
  8 ball pythons
  6 bats
  14 kobolds
  15 rats
587 creatures vanquished.

Vanquished Creatures (collateral kills)
  A vault guard (Bailey)
  A centaur warrior (D:13)
  Maurice (D:7)
  A cane toad (shapeshifter) (D:14)
  4 humans (D:14)
  6 vampire mosquitoes
  A centaur (D:13)
  3 gnolls (D:13)
  A hobgoblin (D:6)
19 creatures vanquished.

Vanquished Creatures (others)
  Kirke (Lair:3)
  A human (Lair:3)
  2 water moccasins
  An orc (D:12)
5 creatures vanquished.

Grand Total: 611 creatures vanquished

Notes
Turn   | Place    | Note
-------+----------+-------------------------------------------
     0 | D:1      | Gabide the Demigod Fighter began the quest for the Orb.
     0 | D:1      | Reached XP level 1. HP: 18/18 MP: 3/3
   175 | D:1      | Reached skill level 2 in Polearms
   254 | D:1      | Reached XP level 2. HP: 25/25 MP: 4/4
   793 | D:1      | Reached XP level 3. HP: 28/31 MP: 5/5
  1388 | D:2      | Reached skill level 3 in Polearms
  2085 | D:3      | Reached XP level 4. HP: 38/38 MP: 6/6
  2613 | D:3      | Reached skill level 4 in Polearms
  2862 | D:3      | Noticed an ice beast
  2871 | D:3      | Killed an ice beast
  2872 | D:3      | Reached skill level 5 in Polearms
  2872 | D:3      | Reached XP level 5. HP: 45/45 MP: 7/7
  3833 | D:5      | Entered Level 5 of the Dungeon
  3835 | D:5      | Noticed Eustachio
  3845 | D:4      | Reached XP level 6. HP: 51/51 MP: 8/8
  3889 | D:4      | Killed Eustachio
  3890 | D:4      | Reached skill level 6 in Polearms
  4134 | D:5      | Reached skill level 7 in Polearms
  4138 | D:5      | Reached XP level 7. HP: 57/57 MP: 9/9
  4366 | D:5      | Reached skill level 8 in Polearms
  5399 | D:6      | Reached skill level 9 in Polearms
  5399 | D:6      | Reached XP level 8. HP: 37/63 MP: 10/10
  5820 | D:6      | Reached skill level 10 in Polearms
  5908 | D:6      | Gained mutation: You have large cloven feet. [potion of
                  | mutation]
  5908 | D:6      | Gained mutation: You are frail. (-10% HP) [potion of
                  | mutation]
  5908 | D:6      | Gained mutation: You are partially covered in iridescent
                  | scales. (AC +2) [potion of mutation]
  6201 | D:6      | Lost mutation: You have large cloven feet. [potion of
                  | mutation]
  6201 | D:6      | Lost mutation: You are frail. (-10% HP) [potion of
                  | mutation]
  6201 | D:6      | Gained mutation: You sometimes lose your temper in combat.
                  | [potion of mutation]
  6201 | D:6      | Lost mutation: You are partially covered in iridescent
                  | scales. (AC +2) [potion of mutation]
  6201 | D:6      | Gained mutation: You have sharp toenails. [potion of
                  | mutation]
  6353 | D:6      | Noticed Sigmund
  6365 | D:6      | Killed Sigmund
  6430 | D:6      | Reached skill level 11 in Polearms
  6680 | D:6      | Reached XP level 9. HP: 69/69 MP: 11/11
  7239 | D:7      | Found a flagged portal.
  7326 | Bailey   | Entered a bailey
  7333 | Bailey   | Reached skill level 12 in Polearms
  7577 | Bailey   | Reached skill level 13 in Polearms
  7746 | Bailey   | Noticed Prince Ribbit
  7746 | Bailey   | Noticed a vault guard
  7760 | Bailey   | Killed Prince Ribbit
  7771 | Bailey   | Killed a vault guard
  7772 | Bailey   | Reached XP level 10. HP: 57/77 MP: 13/13
  7862 | Bailey   | Noticed a vault guard
  7877 | Bailey   | Killed a vault guard
  7878 | Bailey   | Reached skill level 14 in Polearms
  8091 | D:7      | Noticed Maurice
  8100 | D:7      | Something stole a ring of positive energy
  8103 | D:7      | Something stole 7 boomerangs
  8104 | D:7      | Something stole a +0 broad axe
  8105 | D:7      | Something stole 101 gold
  8107 | D:7      | Something stole 216 gold
  8109 | D:7      | Something stole 154 gold
  8144 | D:7      | Killed Maurice
  8660 | D:7      | Noticed Menkaure
  8668 | D:7      | Killed Menkaure
  8872 | D:7      | Found a staircase to the Ecumenical Temple.
  9260 | Temple   | Entered the Ecumenical Temple
  9266 | D:7      | Identified a scroll of acquirement
  9266 | D:7      | Acquired the +0 crystal plate armour of Gluttony {rPois
                  | Str-3 Int+4 Dex+2}
  9446 | D:8      | Reached skill level 15 in Polearms
  9658 | D:8      | Found a transporter.
  9681 | D:8      | Identified the ring of Gammiejy {rElec rC- Will++ EV+5
                  | SInv}
  9793 | D:8      | Reached skill level 1 in Dodging
 10030 | D:8      | Found a transporter.
 10036 | D:8      | Identified the +2 scale mail of Ru's Hope {Dex+4}
 10039 | D:8      | Noticed MasterdooM's ghost (novice MiBe)
 10547 | D:9      | Found a staircase to the Lair.
 10547 | D:9      | Noticed an elephant
 10548 | D:9      | Noticed a death yak
 10565 | D:9      | Killed an elephant
 10583 | D:9      | Killed a death yak
 10929 | D:9      | Noticed Erica
 10981 | D:9      | Killed Erica
 10982 | D:9      | Reached XP level 11. HP: 80/85 MP: 14/14
 11260 | D:9      | Noticed Erolcha
 11269 | D:9      | Killed Erolcha
 11949 | D:10     | Entered Level 10 of the Dungeon
 11976 | D:10     | Noticed Maggie
 11986 | D:10     | Killed Maggie
 12062 | D:10     | Noticed a two-headed ogre
 12070 | D:10     | Killed a two-headed ogre
 12071 | D:10     | Reached skill level 5 in Fighting
 12071 | D:10     | Reached skill level 5 in Armour
 12216 | D:10     | Noticed a two-headed ogre
 12227 | D:10     | Killed a two-headed ogre
 12930 | D:10     | Reached XP level 12. HP: 100/100 MP: 15/15
 12943 | D:11     | Found a portal to a secret trove of treasure.
 13772 | D:11     | Noticed a boulder beetle
 13815 | D:11     | Killed a boulder beetle
 13891 | D:11     | Identified the +3 scale mail of the Known World {rPois rC+
                  | Str+6 Dex-4}
 14330 | D:12     | Noticed Fannar
 14333 | D:12     | Found Zueq Opa's General Store.
 14355 | D:12     | Killed Fannar
 14614 | D:12     | Noticed a boulder beetle
 14628 | D:12     | Killed a boulder beetle
 14908 | D:12     | Noticed a boulder beetle
 14919 | D:12     | Killed a boulder beetle
 15238 | D:12     | Found a staircase to the Orcish Mines.
 15511 | D:13     | Noticed a centaur warrior
 15511 | D:13     | Noticed a centaur warrior
 15611 | Lair:1   | Entered Level 1 of the Lair of Beasts
 15620 | Lair:1   | Noticed a catoblepas
 15640 | Lair:1   | Killed a catoblepas
 15740 | Lair:1   | Noticed Beaer's ghost (journeyman DgSh)
 15742 | Lair:1   | Found a transporter.
 15743 | Lair:1   | Noticed a seven-headed hydra
 16019 | Lair:1   | Reached XP level 13. HP: 105/111 MP: 16/16
 16120 | Lair:1   | Found a transporter.
 16939 | Lair:2   | Reached skill level 10 in Armour
 17435 | Lair:2   | You fall into a shaft and drop 2 floors!
 17543 | Lair:4   | Identified the +4 flail of Slime {speed, Dex+4}
 17565 | Lair:3   | Noticed Kirke
 17586 | Lair:3   | Killed Kirke
 18240 | Lair:2   | Found a staircase to the Snake Pit.
 18258 | Lair:2   | Reached skill level 1 in Summonings
 18265 | Lair:2   | Reached skill level 1 in Earth Magic
 18273 | Lair:2   | Reached skill level 1 in Spellcasting
 18941 | Lair:2   | Learned a level 4 spell: Animate Armour
 19297 | Lair:3   | Noticed Amaemon
 19302 | Lair:3   | Amaemon changed into Amaemon the naga
 19302 | Lair:3   | Noticed Amaemon
 20211 | Lair:3   | Killed Amaemon the naga
 20511 | Lair:3   | Found a staircase to the Swamp.
 21040 | Lair:4   | Reached XP level 14. HP: 95/100 MP: 24/24
 21400 | Lair:4   | Acquired a +2 bardiche of freezing
 21686 | Lair:5   | Entered Level 5 of the Lair of Beasts
 22157 | Lair:4   | Reached skill level 5 in Summonings
 22164 | Lair:4   | Reached skill level 5 in Earth Magic
 22703 | Lair:5   | Reached skill level 5 in Spellcasting
 23521 | Lair:5   | Noticed Snorg
 23532 | Lair:5   | Killed Snorg
 23880 | Lair:5   | Found a staircase to the Slime Pits.
 24340 | Lair:5   | Identified the +0 sling "Cousaoneunk" {flame, Dex+4}
 24351 | Lair:5   | Reached skill level 16 in Polearms
 24535 | Lair:5   | Identified the ring of Juitz {Wiz Will+ Str+4}
 25435 | D:13     | Noticed Jorgrun
 25445 | D:13     | Killed Jorgrun
 25994 | D:13     | Found Cupoveneesm's Pet Rocks.
 26880 | D:13     | Found a runed translucent gate.
 26880 | D:13     | Found a runed translucent gate.
 26882 | D:13     | Found a runed translucent gate.
 26887 | D:13     | Noticed Ojacki's ghost (adept TeBe)
 27384 | D:14     | Identified the +2 leather armour of Anaesthesia {rC+ Str+4
                  | Int+3}
 27818 | D:14     | Reached XP level 15. HP: 80/124 MP: 25/29
 27835 | D:14     | Killed from afar by an ironbound thunderhulk

Illustrated notes

Levels and vault maps discovered:
D:1:      dpeg_arrival_tiny_c, layout_loops_corners,
          ebering_ecumenical_altar_box
D:2:      minmay_skewed_foursquare, layout_basic, minmay_rat_gold_closets
D:3:      wander_river, layout_basic
D:4:      layout_basic
D:5:      layout_cave_pods, st_stairs_6, uniq_eustachio
D:6:      kennysheep_housing_project, layout_basic, uniq_sigmund
D:7:      layout_basic, mainiacjoe_overflow_cross_hatched, temple_hall,
          nicolae_ossuary_entry_ruins, enter_bailey_5, uniq_maurice,
          uniq_menkaure
D:8:      layout_loops_ring, gammafunk_ghost_gnarly_gnolls
D:9:      layout_loops_ring, david_lair_generic, minmay_misc_feat_roman,
          uniq_erica, uniq_erolcha
D:10:     layout_loops_ring, bh_walls_and_bars, uniq_maggie
D:11:     layout_layer_cave, nicolae_trove_entry_crossroad
D:12:     layout_irregular_city, minmay_orc_entry_temple_small, serial_shops,
          nicolae_stop_n_shop_1, zin_academy, uniq_fannar
D:13:     layout_cave_pools, gammafunk_ghost_spectres, guppyfry_shop_earth,
          uniq_jorgrun
D:14:     layout_loops_corners, hellmonk_vaults_keyhole,
          nicolae_hepliaklqana_hippocampus
Temple:   nicolae_temple_the_god_donut
Lair:1:   layout_loops_ring, gammafunk_ghost_arena, serial_rivers,
          chequers_serial_rivers_room_b, chequers_serial_rivers_large_a,
          chequers_serial_rivers_micro_d, chequers_serial_rivers_large_b,
          chequers_serial_rivers_small_b, chequers_serial_rivers_marsh
Lair:2:   layout_layer_cave, minmay_snake_entry_six_corridors,
          beast_lair_carwin_8, grunt_megastairs_4, serial_bayou_shore_a
Lair:3:   nzn_winding_woodlands_cross [nzn_winding_woodlands_5x15_cabin,
          nzn_winding_woodlands_5x15_concentric,
          nzn_winding_woodlands_5x15_pockets,
          nzn_winding_woodlands_5x15_longhouse,
          nzn_winding_woodlands_15x15_thick_spiral], layout_chaotic_city,
          nicolae_swamp_entry_spooky, uniq_kirke, uniq_amaemon
Lair:4:   layout_gridlike, pdpol_lair_neglected_garden,
          infiniplex_staircase_pool_2
Lair:5:   hangedman_lair_tendril_chambers, layout_cave_pods,
          dpeg_slime_entry_enclosed, grunt_megastairs_3, lemuel_fruit_fields,
          uniq_snorg

Skill      XL: |  1  2  3  4  5  6  7  8  9 10 11 12 13 14 |
---------------+-------------------------------------------+-----
Polearms       | 2 3 5 7 9 11 13 15 16 | 16.5
Armour         | 3 4 6 9 12 | 12.0
Fighting       | 3 4 7 9 |  9.0
Shields        | 3 |  3.0
Dodging        | 2 6 |  6.0
Summonings     | 4 6 |  6.6
Earth Magic    | 4 6 |  6.6
Spellcasting   | 4 6 |  6.5

Action                     |  1- 3 |  4- 6 |  7- 9 | 10-12 | 13-15 || total
---------------------------+-------+-------+-------+-------+-------++-------
  Melee: Trident           |   128 |   108 |   329 |   617 |   645 ||  1827
         Kick              |       |       |     5 |       |       ||     5
         Unarmed           |       |       |    15 |       |       ||    15
         Bardiche          |       |       |       |       |   360 ||   360
   Fire: Sling             |    30 |    33 |    47 |       |     5 ||   115
  Throw: Dart              |       |     1 |     3 |     9 |     1 ||    14
         Boomerang         |       |       |     2 |     8 |    18 ||    28
   Cast: Animate Armour    |       |       |       |       |    30 ||    30
  Evoke: Wand              |       |       |       |     6 |     7 ||    13
    Use: Scroll            |     3 |     4 |     9 |    17 |    12 ||    45
         Potion            |       |     2 |     4 |     7 |     7 ||    20
   Stab: Invisible         |       |       |       |     1 |     3 ||     4
 Armour: Scale mail        |    76 |   113 |   109 |    72 |   680 ||  1050
         Skin              |       |       |    29 |       |       ||    29
         Plate armour      |       |       |    70 |    49 |       ||   119
         Crystal plate arm |       |       |       |    95 |       ||    95
         Swamp dragon scal |       |       |       |    38 |       ||    38
  Dodge: Dodged            |    39 |    81 |    88 |   215 |   840 ||  1263
  Block: Buckler           |    30 |    34 |    48 |    58 |    79 ||   249
